SAAA
VERMONT LAKE MONSTERS @ ALLOWAY HALBERDS
05/26/2024
 
TOP OF THE 1ST
Vermont Lake Monsters batting - Pitching for Alloway Halberds : RHP António Marés
Pitching: RHP António Marés
Batting: RHB Fernando Castro 0-0: Called Strike
0-1: Ball
1-1: Foul Ball, location: 2F
1-2: Ball
2-2: Ball
3-2: Base on Balls
Batting: RHB Ray John 0-0: SINGLE (Line Drive, 56)
Fernando Castro to second
Batting: LHB Tim Hill 0-0: Foul Ball, location: 2F
0-1: Fly out, F7 (Flyball, 7M)
Batting: RHB Carlos Padilla 0-0: Called Strike
0-1: SINGLE (Groundball, 4MD)
Fernando Castro to third
Ray John to second
Runner from 3rd tries for Home, SAFE, throw made at trailing runner, SAFE at third!
Batting: SHB Arturo Robles 0-0: Called Strike
0-1: Ball
1-1: SINGLE (Flyball, 8LS)
Ray John scores
Carlos Padilla to second
Batting: RHB Bronson Nicholls 0-0: Called Strike
0-1: Ball
1-1: Ball
2-1: SINGLE (Flyball, 9LS)
Carlos Padilla to third
Arturo Robles to second
Batting: LHB Dave Burns 0-0: Called Strike
0-1: Ball
1-1: Fielders Choice at 2nd, 4-6 (Groundball, 4)
Carlos Padilla scores
Arturo Robles to third
Batting: RHB Teddy Pelham 0-0: Ball
1-0: Swinging Strike
1-1: Swinging Strike
1-2: Strikes out looking
Top of the 1st over - 3 run(s), 4 hit(s), 0 error(s), 2 left on base; Vermont 3 - Alloway 0
BOTTOM OF THE 1ST
Alloway Halberds batting - Pitching for Vermont Lake Monsters : RHP Bayram Tanaoglu
Pitching: RHP Bayram Tanaoglu
Batting: RHB Juan Salinas 0-0: Ball
1-0: Foul Ball, location: 2F
1-1: Ball
2-1: Ball
3-1: Fly out, F3 (Popup, 3F)
Batting: RHB Tracy Larson 0-0: Fly out, F7 (Flyball, 78M)
Batting: RHB Stan Barnes 0-0: Foul Ball, location: 2F
0-1: Swinging Strike
0-2: Foul Ball, location: 2F
0-2: Ball
1-2: Foul Ball, location: 2F
1-2: Foul Ball, location: 2F
1-2: Reached on error, E6 (Groundball, 6)
Batting: RHB Stefano Gaddi 0-0: Called Strike
0-1: Ball
1-1: Ball
2-1: Swinging Strike
2-2: Ground out 6-3 (Groundball, 56)
Bottom of the 1st over - 0 run(s), 0 hit(s), 1 error(s), 1 left on base; Vermont 3 - Alloway 0
TOP OF THE 2ND
Vermont Lake Monsters batting - Pitching for Alloway Halberds : RHP António Marés
Batting: RHB Ricardo Pacheco 0-0: Called Strike
0-1: Ball
1-1: Ball
2-1: Foul Ball, location: 2F
2-2: Fly out, F3 (Line Drive, 3S)
Batting: RHB Fernando Castro 0-0: Ball
1-0: Called Strike
1-1: Swinging Strike
1-2: Ball
2-2: Strikes out swinging
Batting: RHB Ray John 0-0: Called Strike
0-1: Swinging Strike
0-2: Ball
1-2: Strikes out swinging
Top of the 2nd over - 0 run(s), 0 hit(s), 0 error(s), 0 left on base; Vermont 3 - Alloway 0
BOTTOM OF THE 2ND
Alloway Halberds batting - Pitching for Vermont Lake Monsters : RHP Bayram Tanaoglu
Batting: RHB Dennis Clifton 0-0: Ball
1-0: Ball
2-0: Swinging Strike
2-1: Ball
3-1: Ground out 5-3 (Groundball, 5)
Batting: LHB Mark Crawford 0-0: Called Strike
0-1: SINGLE (Line Drive, 34)
Batting: SHB Ron Peterson 0-0: Called Strike
0-1: Foul Ball, location: 2F
0-2: Ball
1-2: Strikes out swinging
Batting: RHB Juan Martínez 0-0: Ball
1-0: Fly out, F4 (Popup, 3D)
Bottom of the 2nd over - 0 run(s), 1 hit(s), 0 error(s), 1 left on base; Vermont 3 - Alloway 0
TOP OF THE 3RD
Vermont Lake Monsters batting - Pitching for Alloway Halberds : RHP António Marés
Batting: LHB Tim Hill 0-0: Foul Ball, location: 2F
0-1: Ground out 1-3 (Groundball, 15S)
Batting: RHB Carlos Padilla 0-0: Foul Ball, location: 2F
0-1: Swinging Strike
0-2: Ball
1-2: Ground out 6-3 (Groundball, 56D)
Batting: SHB Arturo Robles 0-0: Foul Ball, location: 2F
0-1: Ball
1-1: TRIPLE (Flyball, 8LXD)
Batting: RHB Bronson Nicholls 0-0: Called Strike
0-1: Ball
1-1: Fly out, F9 (Flyball, 89M)
Top of the 3rd over - 0 run(s), 1 hit(s), 0 error(s), 1 left on base; Vermont 3 - Alloway 0
BOTTOM OF THE 3RD
Alloway Halberds batting - Pitching for Vermont Lake Monsters : RHP Bayram Tanaoglu
Batting: SHB Pancho De La Rosa 0-0: Reached on Error, E7 (Line Drive, 7M)
Batting: RHB Juan Salinas 0-0: Ball
1-0: Foul Ball, location: 2F
1-1: Ball
2-1: Swinging Strike
2-2: Strikes out swinging
Batting: RHB Tracy Larson 0-0: Ball
1-0: Ball
2-0: Foul Ball, location: 2F
2-1: Ball
3-1: Ground out 3-1 (Groundball, 34)
Pancho De La Rosa to third
Batting: RHB Stan Barnes 0-0: Ball
1-0: Fly out, F9 (Flyball, 89M)
Bottom of the 3rd over - 0 run(s), 0 hit(s), 1 error(s), 1 left on base; Vermont 3 - Alloway 0
TOP OF THE 4TH
Vermont Lake Monsters batting - Pitching for Alloway Halberds : RHP António Marés
Batting: LHB Dave Burns 0-0: Ball
1-0: Swinging Strike
1-1: Ball
2-1: Fly out, F9 (Flyball, 89M)
Batting: RHB Teddy Pelham 0-0: Called Strike
0-1: Ball
1-1: Ball
2-1: Called Strike
2-2: Strikes out looking
Batting: RHB Ricardo Pacheco 0-0: Fly out, F4 (Line Drive, 4D)
Top of the 4th over - 0 run(s), 0 hit(s), 0 error(s), 0 left on base; Vermont 3 - Alloway 0
BOTTOM OF THE 4TH
Alloway Halberds batting - Pitching for Vermont Lake Monsters : RHP Bayram Tanaoglu
Batting: RHB Stefano Gaddi 0-0: Ground out 6-3 (Groundball, 6)
Batting: RHB Dennis Clifton 0-0: Ball
1-0: Ground out 2-3 (Groundball, 23)
Batting: LHB Mark Crawford 0-0: Ball
1-0: Ground out 4-3 (Groundball, 4)
Bottom of the 4th over - 0 run(s), 0 hit(s), 0 error(s), 0 left on base; Vermont 3 - Alloway 0
TOP OF THE 5TH
Vermont Lake Monsters batting - Pitching for Alloway Halberds : RHP António Marés
Batting: RHB Fernando Castro 0-0: Ball
1-0: Ball
2-0: Swinging Strike
2-1: Ball
3-1: Foul Ball, location: 2F
3-2: Base on Balls
Batting: RHB Ray John 0-0: Ball
1-0: Bunt - Flyout! F1
Batting: LHB Tim Hill 0-0: Ball
1-0: Ball
2-0: Ball
3-0: Called Strike
3-1: Foul Ball, location: 2F
3-2: Strikes out swinging
Batting: RHB Carlos Padilla 0-0: Ball
1-0: Called Strike
1-1: Ball
2-1: Ball
Wild Pitch!
Fernando Castro to second
3-1: Called Strike
3-2: Ground out 4-3 (Groundball, 4M)
Top of the 5th over - 0 run(s), 0 hit(s), 0 error(s), 1 left on base; Vermont 3 - Alloway 0
BOTTOM OF THE 5TH
Alloway Halberds batting - Pitching for Vermont Lake Monsters : RHP Bayram Tanaoglu
Batting: SHB Ron Peterson 0-0: Called Strike
0-1: Ball
1-1: Ball
2-1: Called Strike
2-2: Ball
3-2: Strikes out swinging
Batting: RHB Juan Martínez 0-0: Fly out, F4 (Popup, 4)
Batting: SHB Pancho De La Rosa 0-0: Ball
1-0: Ball
2-0: Ball
3-0: Base on Balls
Batting: RHB Juan Salinas 0-0: Ball
1-0: Swinging Strike
1-1: Fielders Choice at 2nd, 6-4 (Groundball, 6)
Bottom of the 5th over - 0 run(s), 0 hit(s), 0 error(s), 0 left on base; Vermont 3 - Alloway 0
TOP OF THE 6TH
Vermont Lake Monsters batting - Pitching for Alloway Halberds : RHP António Marés
Batting: SHB Arturo Robles 0-0: Ball
1-0: Foul Ball, location: 2F
1-1: Ball
2-1: Called Strike
2-2: Strikes out looking
Batting: RHB Bronson Nicholls 0-0: Ball
1-0: Called Strike
1-1: Ball
2-1: Foul Ball, location: 2F
2-2: Reached on error, E6 (Groundball, 6)
Batting: LHB Dave Burns 0-0: Called Strike
0-1: Ball
1-1: Ball
2-1: Ball
Bronson Nicholls steals 2nd base
3-1: Base on Balls
Batting: RHB Teddy Pelham 0-0: Ball
1-0: Ball
2-0: Ball
3-0: Called Strike
3-1: Base on Balls
Bronson Nicholls to third
Dave Burns to second
Batting: RHB Ricardo Pacheco 0-0: Swinging Strike
0-1: Fly out, F9 (Flyball, 89S)
Batting: RHB Fernando Castro 0-0: Ball
1-0: Ball
2-0: SINGLE (Groundball, 56)
Bronson Nicholls scores
Dave Burns to third
Teddy Pelham to second
Runner from 3rd tries for Home, SAFE, no throw or cutoff
Batting: RHB Ray John 0-0: Called Strike
0-1: Ball
1-1: Ball
2-1: Ball
3-1: SINGLE (Line Drive, 89S)
Teddy Pelham to third
Fernando Castro to second
Runner from 3rd tries for Home, SAFE, no throw or cutoff
Pitching: RHP José Gutiérrez
Batting: LHB Tim Hill 0-0: Called Strike
0-1: Foul Ball, location: 2F
0-2: Ground out U3 (Groundball, 3)
Top of the 6th over - 3 run(s), 2 hit(s), 1 error(s), 2 left on base; Vermont 6 - Alloway 0
BOTTOM OF THE 6TH
Alloway Halberds batting - Pitching for Vermont Lake Monsters : RHP Bayram Tanaoglu
Batting: RHB Tracy Larson 0-0: Ball
1-0: Ball
2-0: Ball
3-0: Called Strike
3-1: Foul Ball, location: 2F
3-2: Base on Balls
Batting: RHB Stan Barnes 0-0: Called Strike
Tracy Larson steals 2nd base
0-1: Ball
1-1: Called Strike
1-2: Foul Ball, location: 2F
1-2: 2-RUN HOME RUN (Line Drive, 78XD) (Inside the Park)
Batting: RHB Stefano Gaddi 0-0: Foul Ball, location: 2F
0-1: Foul Ball, location: 2F
0-2: Ground out 5-3 (Groundball, 56)
Batting: RHB Dennis Clifton 0-0: Ground out 6-3 (Groundball, 6)
Batting: LHB Mark Crawford 0-0: Swinging Strike
0-1: Ball
1-1: SINGLE (Line Drive, 9S)
Batting: SHB Ron Peterson 0-0: Ball
Mark Crawford is caught stealing 2nd base
Bottom of the 6th over - 2 run(s), 2 hit(s), 0 error(s), 0 left on base; Vermont 6 - Alloway 2
TOP OF THE 7TH
Vermont Lake Monsters batting - Pitching for Alloway Halberds : RHP José Gutiérrez
Batting: RHB Carlos Padilla 0-0: Called Strike
0-1: Swinging Strike
0-2: SINGLE (Line Drive, 56D)
Batting: SHB Arturo Robles 0-0: Ball
1-0: Ball
2-0: Fielders Choice at 2nd, 6-4 (Groundball, 6M)
Batting: RHB Bronson Nicholls 0-0: Ball
1-0: Called Strike
1-1: SINGLE (Line Drive, 56)
Arturo Robles to second
Batting: LHB Dave Burns 0-0: Called Strike
0-1: Ball
1-1: Ball
2-1: Ball
3-1: Foul Ball, location: 2F
3-2: Fly out, F8 (Line Drive, 8LM)
Batting: RHB Teddy Pelham 0-0: Ball
1-0: Foul Ball, location: 2F
1-1: Ball
2-1: Ball
3-1: Base on Balls
Arturo Robles to third
Bronson Nicholls to second
Batting: RHB Ricardo Pacheco 0-0: Called Strike
0-1: Foul Ball, location: 2F
0-2: Ball
1-2: Foul Ball, location: 2F
1-2: Ball
2-2: Ball
3-2: Strikes out swinging
Top of the 7th over - 0 run(s), 2 hit(s), 0 error(s), 3 left on base; Vermont 6 - Alloway 2
BOTTOM OF THE 7TH
Alloway Halberds batting - Pitching for Vermont Lake Monsters : RHP Bayram Tanaoglu
Batting: SHB Ron Peterson 0-0: Ball
1-0: Foul Ball, location: 2F
1-1: Ball
2-1: Ball
3-1: Foul Ball, location: 2F
3-2: DOUBLE (Line Drive, 89M)
Batting: RHB Juan Martínez 0-0: Ball
1-0: Ball
2-0: Called Strike
2-1: Foul Ball, location: 2F
2-2: Ball
3-2: Strikes out looking
Batting: SHB Pancho De La Rosa 0-0: Ball
1-0: SINGLE (Popup, 4D)
Ron Peterson to third
Runner from 3rd tries for Home, SAFE, no throw or cutoff
Batting: RHB Juan Salinas 0-0: Called Strike
0-1: Fly out, F2 (Popup, 2R)
Batting: RHB Tracy Larson 0-0: Ball
1-0: Foul Ball, location: 2F
1-1: Ball
2-1: Ball
3-1: Base on Balls
Pancho De La Rosa to second
Batting: RHB Stan Barnes 0-0: Called Strike
0-1: Called Strike
0-2: Ball
1-2: Fielders Choice at 2nd, 5-4 (Groundball, 56)
Bottom of the 7th over - 1 run(s), 2 hit(s), 0 error(s), 1 left on base; Vermont 6 - Alloway 3
TOP OF THE 8TH
Vermont Lake Monsters batting - Pitching for Alloway Halberds : RHP José Gutiérrez
Batting: RHB Fernando Castro 0-0: Ball
1-0: Ball
2-0: Ball
3-0: Called Strike
3-1: Called Strike
3-2: Foul Ball, location: 2F
3-2: Strikes out swinging
Batting: RHB Ray John 0-0: Swinging Strike
0-1: Foul Ball, location: 2F
0-2: Strikes out swinging
Batting: LHB Tim Hill 0-0: Called Strike
0-1: Called Strike
0-2: Hit by Pitch
Batting: RHB Carlos Padilla 0-0: Called Strike
0-1: Ball
1-1: Ball
2-1: Foul Ball, location: 2F
2-2: Ball
3-2: Fly out, F9 (Flyball, 89S)
Top of the 8th over - 0 run(s), 0 hit(s), 0 error(s), 1 left on base; Vermont 6 - Alloway 3
BOTTOM OF THE 8TH
Alloway Halberds batting - Pitching for Vermont Lake Monsters : RHP Bayram Tanaoglu
Pitching: RHP Jim Unknown
Batting: RHB Stefano Gaddi 0-0: Foul Ball, location: 2F
0-1: SOLO HOME RUN (Flyball, 7D), Distance : 403 ft
Batting: RHB Dennis Clifton 0-0: Called Strike
0-1: Ball
1-1: Ground out 5-3 (Groundball, 5)
Batting: LHB Mark Crawford 0-0: Called Strike
0-1: Ball
1-1: Ball
2-1: Foul Ball, location: 2F
2-2: Strikes out swinging
Batting: SHB Ron Peterson 0-0: Called Strike
0-1: Fly out, F7 (Flyball, 78D)
Bottom of the 8th over - 1 run(s), 1 hit(s), 0 error(s), 0 left on base; Vermont 6 - Alloway 4
TOP OF THE 9TH
Vermont Lake Monsters batting - Pitching for Alloway Halberds : RHP José Gutiérrez
Pitching: RHP Jim Unknown
Batting: SHB Arturo Robles 0-0: Called Strike
0-1: Ball
1-1: Swinging Strike
1-2: SINGLE (Flyball, 8LS)
Pitching: RHP Darwin von Loen
Batting: RHB Bronson Nicholls 0-0: Swinging Strike
0-1: Ball
1-1: Sac Bunt - play at first, batter OUT! U3
Arturo Robles to second
Batting: LHB Dave Burns 0-0: Intentional Walk
Pinch Hitting: LHB Reijiro Sato 0-0: Called Strike
0-1: Swinging Strike
0-2: Ball
1-2: Strikes out swinging
Batting: RHB Ricardo Pacheco 0-0: Swinging Strike
0-1: Ball
1-1: Foul Ball, location: 2F
1-2: Foul Ball, location: 2F
1-2: Ball
2-2: Foul Ball, location: 2F
2-2: Foul Ball, location: 2F
2-2: Strikes out looking
Top of the 9th over - 0 run(s), 1 hit(s), 0 error(s), 2 left on base; Vermont 6 - Alloway 4
BOTTOM OF THE 9TH
Alloway Halberds batting - Pitching for Vermont Lake Monsters : RHP Jim Unknown
Now at 3B: John Howell
Batting: RHB Juan Martínez 0-0: Called Strike
0-1: Ball
1-1: Ball
2-1: Ball
3-1: Fly out, F8 (Flyball, 8RXD)
Batting: SHB Pancho De La Rosa 0-0: Called Strike
0-1: Ball
1-1: Fly out, F9 (Flyball, 9S)
Batting: RHB Juan Salinas 0-0: Ball
1-0: Foul Ball, location: 2F
1-1: Ground out 1-3 (Groundball, 13S)
Bottom of the 9th over - 0 run(s), 0 hit(s), 0 error(s), 0 left on base; Vermont 6 - Alloway 4
This league is powered by Out of the Park Baseball, the baseball management simulation game for PC, Mac and Linux
Monday, October 3rd, 2016 - OOTP Baseball 16.9 Build 39